 Dungeon Crawl Stone Soup version 0.30.1-11-g7821555f0a (webtiles) character file.

Game seed: 8950034780322372102

1736 anacleto the Covert (level 8, 0/42 HPs)
             Began as a Spriggan Brigand on Dec 15, 2023.
             Slain by an orc warrior
             ... wielding a +0 war axe
              (13 damage)
             ... in a bailey.
             The game lasted 00:32:29 (6875 turns).

anacleto the Covert (Spriggan Brigand)              Turns: 6875, Time: 00:32:29

Health: 0/42       AC:  3    Str:  7    XL:     8   Next: 76%
Magic:  9/9        EV: 38    Int: 13    God:
Gold:   876        SH:  0    Dex: 18    Spells: 7/7 levels left

rFire   . . .        a - +1 dagger (venom)
rCold   . . .        (no shield)
rNeg    . . .        b - +0 robe
rPois   .            (helmet restricted)
rElec   .            c - +0 cloak
rCorr   .            (gloves unavailable)
SInv    +            (boots unavailable)
Will    +....        C - amulet of the acrobat
Stlth   +++++        o - ring of flight
HPRegen 0.27/turn    (no ring)
MPRegen 0.11/turn

%: acrobat
@: acrobatic, flying, very quick
A: very small, no large weapons, unfitting armour, see invisible, speed 3
a: no special abilities


You were in a bailey.
You visited 2 branches of the dungeon, and saw 8 of its levels.
You also visited: Ossuary and Bailey.

You collected 876 gold pieces.

Inventory:

Hand Weapons
 a - a +1 dagger of venom (weapon)
 v - a +2 dagger
Missiles
 d - 5 poisoned darts (quivered)
 B - 4 atropa-tipped darts
 D - 14 boomerangs
Armour
 b - a +0 robe (worn)
 c - a +0 cloak (worn)
Jewellery
 n - a +4 ring of protection
 o - a ring of flight (left hand)
 t - a ring of protection from fire
 C - an amulet of the acrobat (around neck)
Scrolls
 f - 3 scrolls of amnesia
 g - 4 scrolls of teleportation
 h - a scroll of immolation {unknown}
 i - 2 scrolls of fog
 j - a scroll of blinking {unknown}
 k - a scroll of enchant weapon {unknown}
 l - a scroll of noise {unknown}
 m - 4 scrolls of identify
 p - a scroll of vulnerability {unknown}
 u - a scroll of magic mapping {unknown}
 y - a scroll of fear {unknown}
 A - 3 scrolls of poison {unknown}
Potions
 e - 3 potions of haste {unknown}
 r - a potion of mutation {unknown}
 s - a potion of curing
 w - 3 potions of ambrosia {unknown}
 x - 2 potions of might {unknown}
 z - 2 potions of flight {unknown}


   Skills:
 + Level 3.9 Fighting
 + Level 5.2 Short Blades
 - Level 3.0 Throwing
 * Level 8.5 Dodging
 * Level 11.4 Stealth


You had 7 spell levels left.
You didn't know any spells.
Your spell library contained the following spells:

 Spells                   Type           Power      Damage    Failure   Level
 Magic Dart               Conj           0%         1d3       30%         1
 Searing Ray              Conj           0%         2d4       43%         2
 Fulminant Prism          Conj/Hex       0%         3d5       97%         4


Dungeon Overview and Level Annotations

Branches:
Dungeon (7/15)             Temple (1/1) D:5         Ossuary (visited)
 Bailey (1/1)

Altars:
Ashenzari
Cheibriados
Elyvilon
Gozag
Hepliaklqana
Makhleb
Nemelex Xobeh
Okawaru
Ru
Sif Muna
Trog
Vehumet
Xom
Yredelemnul
The Shining One

Shops:
D:5 =

Annotations:
D:3 Grinder


Innate Abilities, Weirdness & Mutations

You are very small and have problems with some larger weapons.
You are too small for most types of armour.
You have supernaturally acute eyesight. (SInv)
You cover ground extremely quickly. (Speed+++)


Message History

The kobold brigand seems to slow down.
The kobold brigand is heavily wounded.
Throw: 2 darts (curare)
Press: ? - help, Q - select action, (/) - cycle Shift-Dir - straight line, f/p - kobold brigand
Aim: a kobold brigand, wielding a +0 war axe and quivering poisoned darts (heavily wounded, very poisoned, slow, 56% to hit)
You throw a curare-tipped dart.
The curare-tipped dart misses the kobold brigand.
Throw: dart (curare)
Press: ? - help, Q - select action, (/) - cycle Shift-Dir - straight line, f/p - kobold brigand
Aim: a kobold brigand, wielding a +0 war axe and quivering poisoned darts (heavily wounded, very poisoned, slow, 56% to hit)
You throw a curare-tipped dart.
The curare-tipped dart barely misses the kobold brigand.
The curare-tipped dart closely misses the orc warrior.
Things that are here:
a kobold corpse; a kobold corpse
There is a broken gate here.
The kobold brigand throws a poisoned dart.
The poisoned dart completely misses you.
The kobold brigand throws a poisoned dart.
The poisoned dart completely misses you.
Throw: 7 darts (poison)
Press: ? - help, Q - select action, (/) - cycle Shift-Dir - straight line, f - orc warrior, p - kobold brigand
Aim: an orc warrior, wielding a +0 war axe and wearing a +0 scale mail (56% to hit)
You throw a poisoned dart. The poisoned dart hits the orc warrior.
The orc warrior is poisoned.
Throw: 6 darts (poison)
Press: ? - help, Q - select action, (/) - cycle Shift-Dir - straight line, f/p - orc warrior
Aim: an orc warrior, wielding a +0 war axe and wearing a +0 scale mail (lightly wounded, poisoned, 56% to hit)
You throw a poisoned dart. The poisoned dart hits the orc warrior.
The orc warrior looks even sicker.
The orc warrior is lightly wounded.
The orc warrior closely misses you.
You closely miss the orc warrior.
The orc warrior is lightly wounded.
You hit the orc warrior.
The orc warrior is lightly wounded.
The kobold brigand is no longer moving slowly.
The orc warrior closely misses you.
The orc warrior hits you with a +0 war axe!
You die...

##~.......~##
####...####
#.)†# #.†.#
#).K# ##''(##
##..∩(.##
#....oo.#
#...@...#
##.....##
#######


You could see 2 orc warriors and a kobold brigand (poisoned).

Vanquished Creatures
  Edmund (D:4)
  2 orc warriors (Bailey)
  An ogre (D:4)
  A black bear (D:4)
  A kobold brigand (Bailey)
  A bullfrog (D:5)
  An elf skeleton (D:6)
  A howler monkey (D:5)
  A jelly (D:4)
  3 human zombies (Ossuary)
  4 hounds
  4 orc priests
  Ijyb (D:3)
  5 orc wizards
  4 hound zombies (Ossuary)
  4 mummies (Ossuary)
  6 gnolls (D:2)
  3 adders
  A shadow imp (D:4)
  A white imp (D:3)
  An ufetubus (D:4)
  2 adder zombies (Ossuary)
  2 worms
  11 orcs
  5 bats
  3 endoplasms
  4 giant cockroaches
  2 goblins
  8 hobgoblins
  4 jackals (D:2)
  4 quokkas
  7 ball pythons
  3 frilled lizards (D:1)
  2 goblin zombies (Ossuary)
  A hobgoblin zombie (Ossuary)
  8 kobolds
  An orc skeleton (D:6)
  2 orc zombies (D:6)
  3 rats
119 creatures vanquished.

Vanquished Creatures (collateral kills)
  3 kobold brigands (Bailey)
  6 kobolds (Bailey)
9 creatures vanquished.

Grand Total: 128 creatures vanquished

Notes
Turn   | Place    | Note
-------+----------+-------------------------------------------
     0 | D:1      | anacleto the Spriggan Brigand began the quest for the Orb.
     0 | D:1      | Reached XP level 1. HP: 10/10 MP: 2/2
   172 | D:1      | Reached skill level 6 in Stealth
   203 | D:1      | Reached XP level 2. HP: 14/14 MP: 3/3
   547 | D:1      | Found a faded altar of an unknown god.
   745 | D:2      | Reached XP level 3. HP: 18/18 MP: 4/4
   988 | D:2      | Reached XP level 4. HP: 23/23 MP: 5/5
  1036 | D:2      | Reached skill level 7 in Stealth
  1153 | D:2      | Reached XP level 5. HP: 17/26 MP: 6/6
  1482 | D:2      | Found a white marble altar of Elyvilon.
  2032 | D:3      | Noticed Ijyb
  2175 | D:3      | HP: 1/26 [white imp/puff of frost (3)]
  2385 | D:4      | Found a sacrificial altar of Ru.
  2392 | D:4      | Reached XP level 6. HP: 31/31 MP: 7/7
  2401 | D:4      | Reached skill level 5 in Dodging
  2401 | D:4      | Reached skill level 8 in Stealth
  2416 | D:4      | Noticed Edmund
  2422 | D:4      | Killed Edmund
  2456 | D:4      | Noticed an ice beast
  2485 | D:5      | Entered Level 5 of the Dungeon
  2504 | D:5      | Found a staircase to the Ecumenical Temple.
  2517 | Temple   | Entered the Ecumenical Temple
  2719 | D:4      | Reached XP level 7. HP: 35/35 MP: 8/8
  2792 | D:4      | Reached skill level 9 in Stealth
  3575 | D:4      | Found a broken altar of Ashenzari.
  3576 | D:4      | Found a radiant altar of Vehumet.
  3986 | D:5      | Found Ovottext's Jewellery Boutique.
  5252 | D:3      | Noticed Grinder
  5298 | D:3      | Killed Ijyb
  5681 | D:5      | Reached XP level 8. HP: 38/40 MP: 9/9
  5807 | D:6      | Reached skill level 10 in Stealth
  5818 | D:6      | Found a sand-covered staircase.
  5823 | Ossuary  | Entered an ossuary
  6487 | D:7      | Found a flagged portal.
  6514 | Bailey   | Entered a bailey
  6595 | Bailey   | Reached skill level 5 in Short Blades
  6735 | Bailey   | Reached skill level 11 in Stealth
  6875 | Bailey   | Slain by an orc warrior

Illustrated notes

Levels and vault maps discovered:
D:1:      dpeg_arrival_leaves_temple_mockup, layout_basic,
          dreamdust_ecumenical_altar_hidden_monk_grotto
D:2:      cheibrodos_pilgrimage, layout_basic, basic_altar
D:3:      layout_rooms, minmay_door_square, uniq_grinder, uniq_ijyb
D:4:      layout_basic, mainiacjoe_overflow_small_starburst,
          gammafunk_temple_overflow_statue, minmay_misc_feat_nine_boxes,
          uniq_edmund
D:5:      layout_layer_cave, temple_statues, serial_shops,
          nicolae_shop_tiny_waterfront
D:6:      layout_cave_pools, nicolae_ossuary_entry_catacombs, uniq_maggie
D:7:      layout_basic, enter_bailey_3
Temple:   chequers_temple_sunken
Bailey:   bailey_axe_3, bailey

Skill      XL: |  1  2  3  4  5  6  7  8 |
---------------+-------------------------+-----
Stealth        | 6 7 8 9 11 | 11.4
Dodging        | 2 3 4 5 6 8 |  8.5
Fighting       | 2 3 |  3.9
Short Blades   | 3 4 5 |  5.2
Throwing       | 3 |  3.0

Action                     |  1- 3 |  4- 6 |  7- 9 || total
---------------------------+-------+-------+-------++-------
  Melee: Dagger            |    68 |    92 |   419 ||   579
         Punch             |     1 |     1 |     8 ||    10
  Throw: Dart              |    18 |    45 |    20 ||    83
         Boomerang         |       |       |    13 ||    13
    Use: Scroll            |       |     1 |     4 ||     5
         Potion            |       |       |     2 ||     2
   Stab: Sleeping          |     8 |     7 |    12 ||    27
         Distracted        |       |       |     1 ||     1
 Armour: Robe              |     9 |     3 |    19 ||    31
  Dodge: Dodged            |    44 |    79 |   311 ||   434
